[ PARTIDA AOE2 · #505147759 ]
UnrankedCeltas vs Incas
Equipo del jugador · DERR
Equipo rival · VICT
[ ANÁLISIS DE REPETICIÓN · EXTRAÍDO DE LA PARTIDA GRABADA ]
Feudal
10:57
Castillos
20:31
Imperial
—
| APM promedio | 118.6 |
| APM pico | 271 |
| eAPM promedio | 63.3 |
| Aldeanos / militares | 85 / 44 |
Foco
⚔️ 67.9% · 🌾 32.1%
Archer ×24 · Mangonel ×16 · Militia ×4
Feudal
10:11
Castillos
25:00
Imperial
—
| APM promedio | 70.9 |
| APM pico | 115 |
| eAPM promedio | 33.1 |
| Aldeanos / militares | 73 / 17 |
Foco
⚔️ 33.3% · 🌾 66.7%
Unknown (2550) ×59 · Archer ×13 · Skirmisher ×4
Mapa de la partida
Recursos iniciales + cada clic de construcción. Líneas = muros · curvas = relieve. ◆ oro · ⬟ piedra · ● bayas · ✦ reliquia · ◌ hueco del cierre
Tu base· ✓ Cerrada en 20:31 · 56t muro · sin puerta
Base de Joselu9710· ✓ Cerrada en 25:00 · 58t muro · sin puerta
Terreno inicial suavizado · ◌ = hueco del cierre detectado · pasá el cursor para detalles
Inputs por minuto
— hk | DedeadorBoing - - Joselu9710
Build order — hk | DedeadorBoing
Primeras 150 de 230 acciones detectadas
| 0:00 | Encolar | Villager (Male) |
| 0:01 | Construir | House |
| 0:02 | Construir | House |
| 0:03 | Encolar | Villager (Male) |
| 0:10 | Encolar | Villager (Male) |
| 0:12 | Encolar | Villager (Male) |
| 0:12 | Encolar | Villager (Male) |
| 1:20 | Encolar | Villager (Male) |
| 1:21 | Encolar | Villager (Male) |
| 1:56 | Construir | Lumber Camp |
| 1:58 | Encolar | Villager (Male) |
| 2:14 | Encolar | Villager (Male) |
| 2:14 | Encolar | Villager (Male) |
| 2:54 | Encolar | Villager (Male) |
| 2:55 | Encolar | Villager (Male) |
| 3:06 | Encolar | Villager (Male) |
| 3:06 | Encolar | Villager (Male) |
| 3:47 | Encolar | Villager (Male) |
| 4:01 | Construir | House |
| 4:14 | Encolar | Villager (Male) |
| 4:14 | Encolar | Villager (Male) |
| 4:38 | Encolar | Villager (Male) |
| 4:39 | Encolar | Villager (Male) |
| 4:59 | Encolar | Villager (Male) |
| 5:00 | Encolar | Villager (Male) |
| 5:08 | Construir | Barracks |
| 5:25 | Encolar | Villager (Male) |
| 5:29 | Construir | Mill |
| 5:53 | Encolar | Villager (Male) |
| 6:07 | Encolar | Militia |
| 6:21 | Encolar | Villager (Male) |
| 6:24 | Construir | House |
| 6:30 | Encolar | Villager (Male) |
| 6:33 | Investigar | Loom |
| 6:35 | Encolar | Militia |
| 6:59 | Encolar | Villager (Male) |
| 7:26 | Encolar | Villager (Male) |
| 7:53 | Encolar | Villager (Male) |
| 8:18 | Construir | Mill |
| 8:18 | Encolar | Villager (Male) |
| 8:32 | Construir | Mining Camp |
| 8:47 | Investigar | Feudal Age |
| 9:20 | Encolar | Militia |
| 9:25 | Construir | House |
| 10:06 | Encolar | Villager (Male) |
| 10:11 | Encolar | Militia |
| 10:50 | Encolar | Villager (Male) |
| 10:57 | Edad | Edad Feudal |
| 10:59 | Construir | Archery Range |
| 11:00 | Investigar | Man-at-Arms (upgrade) |
| 11:00 | Investigar | Man-at-Arms (upgrade) |
| 11:01 | Investigar | Double-Bit Axe |
| 11:15 | Construir | Palisade Wall |
| 11:19 | Construir | Palisade Wall |
| 11:19 | Construir | Palisade Wall |
| 11:22 | Construir | Palisade Wall |
| 11:25 | Encolar | Villager (Male) |
| 11:27 | Construir | Palisade Wall |
| 11:28 | Construir | Palisade Wall |
| 11:30 | Construir | Palisade Wall |
| 11:37 | Encolar | Villager (Male) |
| 11:41 | Construir | Palisade Wall |
| 11:42 | Construir | Palisade Wall |
| 12:12 | Construir | House |
| 12:19 | Construir | House |
| 12:21 | Construir | Palisade Wall |
| 12:23 | Construir | House |
| 12:28 | Encolar | Villager (Male) |
| 12:33 | Encolar | Villager (Male) |
| 12:56 | Construir | Market |
| 13:06 | Construir | Palisade Wall |
| 13:06 | Encolar | Villager (Male) |
| 13:09 | Encolar | Villager (Male) |
| 13:17 | Encolar | Archer |
| 13:18 | Encolar | Villager (Male) |
| 13:24 | Construir | Palisade Wall |
| 13:26 | Encolar | Villager (Male) |
| 13:30 | Construir | Farm |
| 13:31 | Construir | Farm |
| 13:31 | Construir | Farm |
| 13:33 | Construir | Farm |
| 13:34 | Encolar | Villager (Male) |
| 13:35 | Construir | Farm |
| 13:44 | Encolar | Villager (Male) |
| 13:48 | Construir | Farm |
| 13:55 | Encolar | Archer |
| 14:00 | Construir | House |
| 14:00 | Construir | Palisade Wall |
| 14:05 | Construir | House |
| 14:05 | Construir | House |
| 14:06 | Construir | House |
| 14:08 | Construir | Palisade Wall |
| 14:10 | Construir | Palisade Wall |
| 14:10 | Encolar | Villager (Male) |
| 14:13 | Encolar | Archer |
| 14:18 | Encolar | Villager (Male) |
| 14:20 | Construir | Palisade Wall |
| 14:25 | Construir | Palisade Wall |
| 14:29 | Construir | Palisade Wall |
| 14:29 | Construir | Palisade Wall |
| 14:38 | Construir | House |
| 14:42 | Encolar | Archer |
| 14:49 | Encolar | Villager (Male) |
| 14:59 | Construir | House |
| 14:59 | Construir | House |
| 15:03 | Construir | Blacksmith |
| 15:05 | Encolar | Villager (Male) |
| 15:07 | Encolar | Villager (Male) |
| 15:12 | Construir | Palisade Wall |
| 15:13 | Encolar | Villager (Male) |
| 15:19 | Encolar | Archer |
| 15:25 | Construir | Palisade Wall |
| 15:28 | Construir | Farm |
| 15:54 | Construir | Market |
| 16:12 | Encolar | Archer |
| 16:47 | Construir | Farm |
| 16:49 | Construir | Farm |
| 16:51 | Construir | Farm |
| 16:54 | Construir | Lumber Camp |
| 17:05 | Encolar | Archer |
| 17:51 | Investigar | Castle Age |
| 18:19 | Construir | House |
| 18:20 | Encolar | Villager (Male) |
| 18:24 | Encolar | Archer |
| 18:45 | Encolar | Villager (Male) |
| 18:52 | Encolar | Archer |
| 19:02 | Encolar | Archer |
| 19:16 | Investigar | Fletching |
| 19:16 | Investigar | Fletching |
| 19:22 | Construir | House |
| 19:24 | Encolar | Villager (Male) |
| 19:37 | Encolar | Villager (Male) |
| 19:48 | Encolar | Archer |
| 20:01 | Encolar | Villager (Male) |
| 20:17 | Construir | House |
| 20:24 | Construir | Palisade Wall |
| 20:31 | Edad | Edad de los Castillos |
| 20:38 | Investigar | Crossbowman (upgrade) |
| 20:38 | Investigar | Crossbowman (upgrade) |
| 20:43 | Construir | Siege Workshop |
| 20:46 | Encolar | Villager (Male) |
| 21:05 | Encolar | Villager (Male) |
| 21:10 | Encolar | Archer |
| 21:12 | Encolar | Villager (Male) |
| 21:22 | Encolar | Mangonel |
| 21:27 | Construir | Mining Camp |
| 21:30 | Encolar | Villager (Male) |
| 21:36 | Construir | Town Center |
| 21:37 | Construir | House |
| 21:40 | Construir | House |
Build order — Joselu9710
Primeras 150 de 237 acciones detectadas
| 0:00 | Encolar | Villager (Male) |
| 0:01 | Construir | House |
| 0:02 | Construir | House |
| 0:18 | Encolar | Villager (Male) |
| 0:18 | Encolar | Villager (Male) |
| 0:19 | Encolar | Villager (Male) |
| 1:25 | Construir | Settlement |
| 1:30 | Encolar | Villager (Male) |
| 2:07 | Encolar | Villager (Male) |
| 2:07 | Encolar | Villager (Male) |
| 2:26 | Encolar | Villager (Male) |
| 2:48 | Encolar | Villager (Male) |
| 2:48 | Encolar | Villager (Male) |
| 3:21 | Encolar | Villager (Male) |
| 3:21 | Encolar | Villager (Male) |
| 3:41 | Encolar | Villager (Male) |
| 3:41 | Encolar | Villager (Male) |
| 3:43 | Encolar | Villager (Male) |
| 4:31 | Encolar | Villager (Male) |
| 4:32 | Encolar | Villager (Male) |
| 5:00 | Encolar | Villager (Male) |
| 5:09 | Encolar | Villager (Male) |
| 5:09 | Encolar | Villager (Male) |
| 5:50 | Construir | Barracks |
| 6:15 | Investigar | Loom |
| 6:15 | Investigar | Loom |
| 6:43 | Construir | Settlement |
| 7:11 | Encolar | Villager (Male) |
| 7:35 | Encolar | Villager (Male) |
| 8:01 | Investigar | Feudal Age |
| 8:01 | Investigar | Feudal Age |
| 8:20 | Construir | Settlement |
| 8:22 | Encolar | Unit 2550 |
| 8:22 | Encolar | Unit 2550 |
| 8:33 | Encolar | Villager (Male) |
| 8:38 | Encolar | Unit 2550 |
| 8:38 | Encolar | Unit 2550 |
| 8:44 | Construir | Palisade Wall |
| 9:08 | Encolar | Villager (Male) |
| 9:39 | Encolar | Villager (Male) |
| 10:11 | Edad | Edad Feudal |
| 10:25 | Investigar | Tech 1402 |
| 10:26 | Investigar | Tech 1402 |
| 10:26 | Encolar | Villager (Male) |
| 10:26 | Encolar | Villager (Male) |
| 10:26 | Encolar | Villager (Male) |
| 10:29 | Encolar | Villager (Male) |
| 10:31 | Construir | Archery Range |
| 10:36 | Construir | House |
| 10:38 | Construir | Palisade Wall |
| 11:12 | Encolar | Villager (Male) |
| 11:24 | Encolar | Villager (Male) |
| 11:33 | Encolar | Villager (Male) |
| 11:36 | Construir | Farm |
| 11:36 | Construir | Farm |
| 11:36 | Construir | Farm |
| 11:36 | Construir | Farm |
| 11:37 | Construir | Farm |
| 11:37 | Construir | Farm |
| 11:37 | Construir | Farm |
| 11:55 | Construir | Palisade Wall |
| 12:00 | Encolar | Villager (Male) |
| 12:06 | Construir | Farm |
| 12:11 | Encolar | Villager (Male) |
| 12:11 | Encolar | Villager (Male) |
| 12:15 | Construir | Palisade Wall |
| 12:29 | Construir | Settlement |
| 12:32 | Encolar | Skirmisher |
| 12:37 | Construir | Palisade Wall |
| 12:38 | Construir | Palisade Wall |
| 13:22 | Construir | House |
| 13:23 | Construir | House |
| 13:34 | Encolar | Villager (Male) |
| 13:34 | Encolar | Villager (Male) |
| 13:47 | Encolar | Archer |
| 13:47 | Encolar | Archer |
| 13:47 | Encolar | Villager (Male) |
| 13:49 | Encolar | Villager (Male) |
| 13:54 | Construir | Farm |
| 13:56 | Construir | Farm |
| 13:57 | Construir | Farm |
| 14:07 | Construir | Palisade Wall |
| 14:08 | Construir | Palisade Wall |
| 14:09 | Construir | Palisade Wall |
| 14:12 | Construir | Palisade Wall |
| 14:13 | Construir | Palisade Wall |
| 14:16 | Encolar | Archer |
| 14:16 | Encolar | Archer |
| 14:17 | Encolar | Villager (Male) |
| 14:20 | Construir | Farm |
| 14:27 | Encolar | Villager (Male) |
| 14:40 | Encolar | Unit 2550 ×2 |
| 14:41 | Encolar | Unit 2550 ×2 |
| 15:02 | Construir | Palisade Wall |
| 15:07 | Encolar | Villager (Male) |
| 15:15 | Construir | Blacksmith |
| 15:16 | Construir | House |
| 15:18 | Construir | Palisade Wall |
| 15:21 | Encolar | Villager (Male) |
| 15:24 | Construir | Farm |
| 15:24 | Construir | Farm |
| 15:24 | Construir | Farm |
| 15:24 | Construir | Farm |
| 15:25 | Construir | Farm |
| 15:25 | Construir | Farm |
| 15:25 | Construir | Farm |
| 15:33 | Encolar | Archer |
| 15:34 | Encolar | Archer |
| 15:44 | Construir | Farm |
| 15:45 | Encolar | Villager (Male) |
| 15:45 | Encolar | Villager (Male) |
| 15:45 | Encolar | Villager (Male) |
| 15:54 | Encolar | Unit 2550 |
| 15:54 | Encolar | Unit 2550 |
| 16:12 | Investigar | Scale Mail Armor |
| 16:12 | Investigar | Scale Mail Armor |
| 16:19 | Construir | Farm |
| 16:21 | Construir | Farm |
| 16:23 | Encolar | Archer |
| 16:23 | Encolar | Archer |
| 16:25 | Encolar | Villager (Male) |
| 16:42 | Construir | Farm |
| 16:45 | Construir | Farm |
| 16:49 | Construir | Farm |
| 16:54 | Investigar | Fletching |
| 16:54 | Investigar | Fletching |
| 17:06 | Encolar | Villager (Male) |
| 17:06 | Encolar | Villager (Male) |
| 17:10 | Construir | Farm |
| 17:13 | Construir | House |
| 17:14 | Construir | Palisade Wall |
| 17:20 | Encolar | Villager (Male) |
| 17:28 | Construir | House |
| 17:29 | Construir | Palisade Wall |
| 17:34 | Encolar | Archer |
| 17:35 | Encolar | Villager (Male) |
| 17:44 | Construir | Farm |
| 17:52 | Encolar | Archer |
| 17:52 | Encolar | Archer |
| 18:08 | Encolar | Archer |
| 18:09 | Encolar | Villager (Male) |
| 18:15 | Investigar | Arson |
| 18:15 | Investigar | Arson |
| 18:16 | Investigar | Padded Archer Armor |
| 18:17 | Encolar | Archer |
| 18:47 | Encolar | Skirmisher |
| 18:52 | Encolar | Villager (Male) |
| 18:54 | Encolar | Villager (Male) |
| 19:13 | Investigar | Forging |
| 19:13 | Encolar | Villager (Male) |
Cronología de la partida
| 5:08 | hk | DedeadorBoing · first_building Barracks |
| 5:50 | Joselu9710 · first_building Barracks |
| 8:44 | Joselu9710 · wall_segment Palisade Wall x1 |
| 10:11 | Joselu9710 · age_up feudal |
| 10:31 | Joselu9710 · first_building Archery Range |
| 10:38 | Joselu9710 · wall_segment Palisade Wall x2 |
| 10:57 | hk | DedeadorBoing · age_up feudal |
| 10:59 | hk | DedeadorBoing · first_building Archery Range |
| 11:15 | hk | DedeadorBoing · wall_segment Palisade Wall x1 |
| 11:19 | hk | DedeadorBoing · wall_segment Palisade Wall x1 |
| 11:19 | hk | DedeadorBoing · wall_segment Palisade Wall x1 |
| 11:22 | hk | DedeadorBoing · wall_segment Palisade Wall x1 |
| 11:27 | hk | DedeadorBoing · wall_segment Palisade Wall x1 |
| 11:28 | hk | DedeadorBoing · wall_segment Palisade Wall x1 |
| 11:30 | hk | DedeadorBoing · wall_segment Palisade Wall x1 |
| 11:41 | hk | DedeadorBoing · wall_segment Palisade Wall x1 |
| 11:42 | hk | DedeadorBoing · wall_segment Palisade Wall x1 |
| 11:55 | Joselu9710 · wall_segment Palisade Wall x1 |
| 12:15 | Joselu9710 · wall_segment Palisade Wall x3 |
| 12:21 | hk | DedeadorBoing · wall_segment Palisade Wall x1 |
| 12:37 | Joselu9710 · wall_segment Palisade Wall x1 |
| 12:38 | Joselu9710 · wall_segment Palisade Wall x1 |
| 13:06 | hk | DedeadorBoing · wall_segment Palisade Wall x5 |
| 13:24 | hk | DedeadorBoing · wall_segment Palisade Wall x5 |
| 14:00 | hk | DedeadorBoing · wall_segment Palisade Wall x1 |
| 14:07 | Joselu9710 · wall_segment Palisade Wall x1 |
| 14:08 | hk | DedeadorBoing · wall_segment Palisade Wall x2 |
| 14:08 | Joselu9710 · wall_segment Palisade Wall x1 |
| 14:09 | Joselu9710 · wall_segment Palisade Wall x1 |
| 14:10 | hk | DedeadorBoing · wall_segment Palisade Wall x3 |
| 14:12 | Joselu9710 · wall_segment Palisade Wall x1 |
| 14:13 | Joselu9710 · wall_segment Palisade Wall x1 |
| 14:20 | hk | DedeadorBoing · wall_segment Palisade Wall x5 |
| 14:25 | hk | DedeadorBoing · wall_segment Palisade Wall x5 |
| 14:29 | hk | DedeadorBoing · wall_segment Palisade Wall x5 |
| 14:29 | hk | DedeadorBoing · wall_segment Palisade Wall x5 |
| 15:02 | Joselu9710 · wall_segment Palisade Wall x6 |
| 15:12 | hk | DedeadorBoing · wall_segment Palisade Wall x10 |
| 15:18 | Joselu9710 · wall_segment Palisade Wall x5 |
| 15:25 | hk | DedeadorBoing · wall_segment Palisade Wall x1 |
| 17:14 | Joselu9710 · wall_segment Palisade Wall x10 |
| 17:20 | hk | DedeadorBoing · first_market_sell 100 stone |
| 17:22 | hk | DedeadorBoing · first_market_buy 100 food |
| 17:29 | Joselu9710 · wall_segment Palisade Wall x7 |
| 20:24 | hk | DedeadorBoing · wall_segment Palisade Wall x1 |
| 20:31 | hk | DedeadorBoing · age_up castle |
| 20:43 | hk | DedeadorBoing · first_building Siege Workshop |
| 20:53 | Joselu9710 · wall_segment Palisade Wall x13 |
| 23:33 | Joselu9710 · wall_segment Stone Wall x3 |
| 24:03 | hk | DedeadorBoing · wall_segment Palisade Wall x1 |
| 24:55 | hk | DedeadorBoing · wall_segment Palisade Wall x1 |
| 25:00 | Joselu9710 · age_up castle |
| 25:13 | Joselu9710 · first_market_buy 100 food |
| 27:23 | hk | DedeadorBoing · first_building Stable |
| 29:19 | hk | DedeadorBoing · wall_segment Palisade Wall x1 |
| 29:38 | hk | DedeadorBoing · wall_segment Palisade Wall x1 |
| 29:40 | hk | DedeadorBoing · wall_segment Palisade Wall x1 |
| 30:13 | hk | DedeadorBoing · wall_segment Stone Wall x1 |
| 30:21 | hk | DedeadorBoing · resign |
[ ANÁLISIS IA · 1 CRÉDITO ]
¿Qué pasó realmente en esta partida?
Wolo.gg analiza cada decisión: build order, eco, micro, errores típicos por bracket. Análisis personalizado por WhatsApp o Discord en 30 segundos.
Guía civ
Celtas
Perfil
Jugador #6368179